| TOP OF THE 1ST |
|
Lakeland Pilots batting - Pitching for St. Petersburg Saints : RHP Kenneth Rogers
|
|
Pitching: RHP Kenneth Rogers
|
|
|
Batting: LHB Chris Stropolo
|
0-0: Ball 1-0: Ball 2-0: Called Strike 2-1: Bunt for hit to 13S - play at first, batter safe!
|
|
Batting: RHB Dave C Anderson
|
0-0: Called Strike 0-1: Ball 1-1: Ball 2-1: SINGLE (Groundball, 25, EV 70.6 MPH) (infield hit) Chris Stropolo to second
|
|
Batting: SHB Mike D Young
|
0-0: DOUBLE (Flyball, 8RXD, EV 110.6 MPH) Chris Stropolo scores Dave C Anderson to third
|
|
Batting: LHB Mike Laga
|
0-0: Called Strike 0-1: Foul Ball, location: 2F 0-2: Ball 1-2: Ball 2-2: Ball 3-2: Foul Ball, location: 2F 3-2: DOUBLE (Line Drive, 7LD, EV 108.1 MPH) Dave C Anderson scores Mike D Young scores
|
|
Batting: RHB John Guarino
|
0-0: Called Strike 0-1: Fly out, F5 (Popup, 25F, EV 80.6 MPH)
|
|
Batting: SHB Raul Gonzalez
|
0-0: Ball 1-0: Swinging Strike 1-1: Ball 2-1: Fly out, F4 (Line Drive, 4, EV 63.8 MPH)
|
|
Batting: RHB Kevin McGann
|
0-0: Fly out, F9 (Flyball, 9, EV 75.6 MPH)
|
| Top of the 1st over - 3 runs, 4 hits, 0 errors, 1 left on base; Lakeland 3 - St. Petersburg 0 |
| BOTTOM OF THE 1ST |
|
St. Petersburg Saints batting - Pitching for Lakeland Pilots : RHP Rich Buonantony
|
|
Pitching: RHP Rich Buonantony
|
|
|
Batting: RHB Jeff Pyburn
|
0-0: Called Strike 0-1: Foul Ball, location: 2F 0-2: Foul Ball, location: 2F 0-2: Ball 1-2: Strikes out looking
|
|
Batting: LHB Al Leboeuf
|
0-0: Called Strike 0-1: Foul Ball, location: 2F 0-2: SINGLE (Line Drive, 56D, EV 112.5 MPH)
|
|
Batting: LHB Terry Blocker
|
0-0: Ball Wild Pitch! Al Leboeuf to second 1-0: Ball 2-0: Foul Ball, location: 2F 2-1: Ball 3-1: Base on Balls
|
|
Batting: RHB Rock Coyle
|
0-0: Fielders Choice at 2nd, 6-4 (Groundball, 56, EV 101.9 MPH) Al Leboeuf to third
|
|
Batting: RHB Ric Despaux
|
0-0: Ball 1-0: Called Strike 1-1: Ball 2-1: Fielders Choice at 2nd, 6-4 (Groundball, 6, EV 91.3 MPH)
|
| Bottom of the 1st over - 0 runs, 1 hit, 0 errors, 2 left on base; Lakeland 3 - St. Petersburg 0 |
| TOP OF THE 2ND |
|
Lakeland Pilots batting - Pitching for St. Petersburg Saints : RHP Kenneth Rogers
|
|
Batting: SHB Alphonso Eiland
|
0-0: Foul Ball, location: 2F 0-1: Foul Ball, location: 2F 0-2: SINGLE (Groundball, 6M, EV 94.4 MPH)
|
|
Batting: RHB Dennis Delany
|
0-0: Grounds into double play, 4-6-3 (Groundball, 4M, EV 91.3 MPH)
|
|
Batting: LHB Chris Stropolo
|
0-0: Foul Ball, location: 2F 0-1: Called Strike 0-2: Ball 1-2: Ball 2-2: DOUBLE (Flyball, 78D, EV 108.8 MPH)
|
|
Batting: RHB Dave C Anderson
|
0-0: Ball 1-0: Ball 2-0: Foul Ball, location: 2F 2-1: Foul Ball, location: 2F 2-2: Ball 3-2: Ground out 4-3 (Groundball, 4, EV 97.5 MPH)
|
| Top of the 2nd over - 0 runs, 2 hits, 0 errors, 1 left on base; Lakeland 3 - St. Petersburg 0 |
| BOTTOM OF THE 2ND |
|
St. Petersburg Saints batting - Pitching for Lakeland Pilots : RHP Rich Buonantony
|
|
Batting: RHB Jerry Johnson
|
0-0: Called Strike 0-1: Foul Ball, location: 2F 0-2: Ball 1-2: Strikes out swinging
|
|
Batting: RHB Randy Ingle
|
0-0: Swinging Strike 0-1: Ball 1-1: Swinging Strike 1-2: Foul Ball, location: 2F 1-2: Strikes out swinging
|
|
Batting: RHB Roberto Alvarez
|
0-0: Ball 1-0: Called Strike 1-1: Ball 2-1: Swinging Strike 2-2: Ground out 1-3 (Groundball, 15S, EV 68.1 MPH)
|
| Bottom of the 2nd over - 0 runs, 0 hits, 0 errors, 0 left on base; Lakeland 3 - St. Petersburg 0 |
| TOP OF THE 3RD |
|
Lakeland Pilots batting - Pitching for St. Petersburg Saints : RHP Kenneth Rogers
|
|
Batting: SHB Mike D Young
|
0-0: Ball 1-0: Ball 2-0: Swinging Strike 2-1: Ball 3-1: Base on Balls
|
|
Batting: LHB Mike Laga
|
0-0: Ball 1-0: Foul Ball, location: 2F 1-1: Ball 2-1: Fly out, F6 (Line Drive, 6, EV 71.3 MPH)
|
|
Batting: RHB John Guarino
|
0-0: Ball 1-0: Called Strike 1-1: Ball 2-1: Ball 3-1: Foul Ball, location: 2F 3-2: Foul Ball, location: 2F 3-2: Ground out 5-3 (Groundball, 15, EV 86.9 MPH) Mike D Young to second
|
|
Batting: SHB Raul Gonzalez
|
0-0: Foul Ball, location: 2F 0-1: Ball 1-1: Ball 2-1: Foul Ball, location: 2F 2-2: Ball 3-2: Fly out, F9 (Flyball, 9, EV 79.4 MPH)
|
| Top of the 3rd over - 0 runs, 0 hits, 0 errors, 1 left on base; Lakeland 3 - St. Petersburg 0 |
| BOTTOM OF THE 3RD |
|
St. Petersburg Saints batting - Pitching for Lakeland Pilots : RHP Rich Buonantony
|
|
Batting: RHB Dave Clements
|
0-0: Called Strike 0-1: Ball 1-1: Foul Ball, location: 2F 1-2: Strikes out looking
|
|
Batting: RHB Jeff Pyburn
|
0-0: Foul Ball, location: 2F 0-1: Ground out 6-3 (Groundball, 6, EV 101.3 MPH)
|
|
Batting: LHB Al Leboeuf
|
0-0: Ball 1-0: Ground out 5-3 (Groundball, 56S, EV 91.3 MPH)
|
| Bottom of the 3rd over - 0 runs, 0 hits, 0 errors, 0 left on base; Lakeland 3 - St. Petersburg 0 |
| TOP OF THE 4TH |
|
Lakeland Pilots batting - Pitching for St. Petersburg Saints : RHP Kenneth Rogers
|
|
Batting: RHB Kevin McGann
|
0-0: Fly out, F8 (Flyball, 8RS, EV 89.4 MPH)
|
|
Batting: SHB Alphonso Eiland
|
0-0: Called Strike 0-1: Ball 1-1: Foul Ball, location: 2F 1-2: Strikes out swinging
|
|
Batting: RHB Dennis Delany
|
0-0: SINGLE (Line Drive, 89M, EV 104.4 MPH)
|
|
Batting: LHB Chris Stropolo
|
0-0: Ball 1-0: Fly out, F3 (Popup, 23F, EV 77.5 MPH)
|
| Top of the 4th over - 0 runs, 1 hit, 0 errors, 1 left on base; Lakeland 3 - St. Petersburg 0 |
| BOTTOM OF THE 4TH |
|
St. Petersburg Saints batting - Pitching for Lakeland Pilots : RHP Rich Buonantony
|
|
Batting: LHB Terry Blocker
|
0-0: Ball 1-0: Ball 2-0: Foul Ball, location: 2F 2-1: Ball 3-1: Called Strike 3-2: Ground out 4-3 (Groundball, 4M, EV 105.6 MPH)
|
|
Batting: RHB Rock Coyle
|
0-0: Ball 1-0: Foul Ball, location: 2F 1-1: Swinging Strike 1-2: Foul Ball, location: 2F 1-2: Strikes out looking
|
|
Batting: RHB Ric Despaux
|
0-0: Ball 1-0: Foul Ball, location: 2F 1-1: Ground out 4-3 (Groundball, 34, EV 90.0 MPH)
|
| Bottom of the 4th over - 0 runs, 0 hits, 0 errors, 0 left on base; Lakeland 3 - St. Petersburg 0 |
| TOP OF THE 5TH |
|
Lakeland Pilots batting - Pitching for St. Petersburg Saints : RHP Kenneth Rogers
|
|
Batting: RHB Dave C Anderson
|
0-0: Ball 1-0: Foul Ball, location: 2F 1-1: SINGLE (Groundball, 56D, EV 98.8 MPH)
|
|
Batting: SHB Mike D Young
|
0-0: Ball Dave C Anderson steals 2nd base 1-0: Foul Ball, location: 2F 1-1: Swinging Strike 1-2: Ball 2-2: Strikes out swinging
|
|
Batting: LHB Mike Laga
|
0-0: Intentional Walk
|
|
Batting: RHB John Guarino
|
0-0: Ball 1-0: Ball 2-0: Called Strike 2-1: Grounds into double play, 4-6-3 (Groundball, 4, EV 83.1 MPH)
|
| Top of the 5th over - 0 runs, 1 hit, 0 errors, 1 left on base; Lakeland 3 - St. Petersburg 0 |
| BOTTOM OF THE 5TH |
|
St. Petersburg Saints batting - Pitching for Lakeland Pilots : RHP Rich Buonantony
|
|
Batting: RHB Jerry Johnson
|
0-0: Ball 1-0: Ball 2-0: DOUBLE (Flyball, 89D, EV 110.6 MPH)
|
|
Batting: RHB Randy Ingle
|
0-0: Called Strike 0-1: Swinging Strike 0-2: SINGLE (Line Drive, 8RS, EV 108.1 MPH) Jerry Johnson to third
|
|
Batting: RHB Roberto Alvarez
|
0-0: Called Strike 0-1: Ball 1-1: Ball 2-1: Called Strike 2-2: Ball 3-2: Foul Ball, location: 2F 3-2: Fly out, F9 (Flyball, 9, EV 90.6 MPH)
|
|
Batting: RHB Dave Clements
|
0-0: Ball 1-0: Ball 2-0: Called Strike 2-1: Ball 3-1: 3-RUN HOME RUN (Flyball, 89XD, EV 89.4 MPH), Distance : 435 ft
|
|
Batting: RHB Jeff Pyburn
|
0-0: Foul Ball, location: 2F 0-1: Called Strike 0-2: Ball 1-2: Ball 2-2: SOLO HOME RUN (Flyball, 7D, EV 101.3 MPH), Distance : 355 ft
|
|
Batting: LHB Al Leboeuf
|
0-0: Called Strike 0-1: Ball 1-1: Foul Ball, location: 2F 1-2: Fly out, F7 (Flyball, 7, EV 96.3 MPH)
|
|
Batting: LHB Terry Blocker
|
0-0: Called Strike 0-1: Swinging Strike 0-2: Foul Ball, location: 2F 0-2: Ball 1-2: Foul Ball, location: 2F 1-2: Fly out, F6 (Line Drive, 6, EV 70.0 MPH)
|
| Bottom of the 5th over - 4 runs, 4 hits, 0 errors, 0 left on base; Lakeland 3 - St. Petersburg 4 |
| TOP OF THE 6TH |
|
Lakeland Pilots batting - Pitching for St. Petersburg Saints : RHP Kenneth Rogers
|
|
Batting: SHB Raul Gonzalez
|
0-0: Ground out 4-3 (Groundball, 13, EV 86.9 MPH)
|
|
Batting: RHB Kevin McGann
|
0-0: Called Strike 0-1: Foul Ball, location: 2F 0-2: Foul Ball, location: 2F 0-2: Ball 1-2: SINGLE (Groundball, 6D, EV 108.1 MPH)
|
|
Batting: SHB Alphonso Eiland
|
0-0: Ground out 5-3 (Groundball, 56S, EV 71.3 MPH) Kevin McGann to second
|
|
Batting: RHB Dennis Delany
|
0-0: Called Strike 0-1: DOUBLE (Flyball, 78D, EV 109.4 MPH) Kevin McGann scores
|
|
Batting: LHB Chris Stropolo
|
0-0: Called Strike 0-1: Ball 1-1: Swinging Strike 1-2: Foul Ball, location: 2F 1-2: Strikes out looking
|
| Top of the 6th over - 1 run, 2 hits, 0 errors, 1 left on base; Lakeland 4 - St. Petersburg 4 |
| BOTTOM OF THE 6TH |
|
St. Petersburg Saints batting - Pitching for Lakeland Pilots : RHP Rich Buonantony
|
|
Batting: RHB Rock Coyle
|
0-0: Fly out, F7 (Flyball, 7LM, EV 98.8 MPH)
|
|
Batting: RHB Ric Despaux
|
0-0: Ball 1-0: Called Strike 1-1: Swinging Strike 1-2: Ball 2-2: Ball 3-2: Foul Ball, location: 2F 3-2: Strikes out swinging
|
|
Batting: RHB Jerry Johnson
|
0-0: Ground out 6-3 (Groundball, 6, EV 83.8 MPH)
|
| Bottom of the 6th over - 0 runs, 0 hits, 0 errors, 0 left on base; Lakeland 4 - St. Petersburg 4 |
| TOP OF THE 7TH |
|
Lakeland Pilots batting - Pitching for St. Petersburg Saints : RHP Kenneth Rogers
|
|
Batting: RHB Dave C Anderson
|
0-0: Ball 1-0: Ground out 4-3 (Groundball, 4, EV 97.5 MPH)
|
|
Batting: SHB Mike D Young
|
0-0: Ball 1-0: Foul Ball, location: 2F 1-1: Ball 2-1: Called Strike 2-2: Foul Ball, location: 2F 2-2: Ball 3-2: Foul Ball, location: 2F 3-2: Foul Ball, location: 2F 3-2: Base on Balls
|
|
Batting: LHB Mike Laga
|
0-0: Ball 1-0: SINGLE (Line Drive, 9S, EV 89.4 MPH) Mike D Young to second Runner from 2nd tries for 3rd, SAFE, throw by RF made to third
|
|
Batting: RHB John Guarino
|
0-0: Called Strike 0-1: Swinging Strike 0-2: Fly out, F7 (Flyball, 7, EV 93.1 MPH) Runner from 3rd tags up, OUT at HOME! 7-2
|
| Top of the 7th over - 0 runs, 1 hit, 0 errors, 1 left on base; Lakeland 4 - St. Petersburg 4 |
| BOTTOM OF THE 7TH |
|
St. Petersburg Saints batting - Pitching for Lakeland Pilots : RHP Rich Buonantony
|
|
Batting: RHB Randy Ingle
|
0-0: Called Strike 0-1: Ball 1-1: Ball 2-1: Foul Ball, location: 2F 2-2: Fly out, F8 (Flyball, 89D, EV 107.5 MPH)
|
|
Batting: RHB Roberto Alvarez
|
0-0: Ball 1-0: Swinging Strike 1-1: Foul Ball, location: 2F 1-2: Foul Ball, location: 2F 1-2: Foul Ball, location: 2F 1-2: Foul Ball, location: 2F 1-2: Ball 2-2: Ball 3-2: Foul Ball, location: 2F 3-2: Strikes out swinging
|
|
Batting: RHB Dave Clements
|
0-0: Ball 1-0: Foul Ball, location: 2F 1-1: SINGLE (Line Drive, 8LS, EV 93.8 MPH)
|
|
Batting: RHB Jeff Pyburn
|
0-0: Ball 1-0: Ball 2-0: Ball 3-0: Base on Balls Dave Clements to second
|
|
Batting: LHB Al Leboeuf
|
0-0: Ball 1-0: Foul Ball, location: 2F 1-1: Ball 2-1: Ball 3-1: Fly out, F8 (Flyball, 8RXD, EV 83.8 MPH)
|
| Bottom of the 7th over - 0 runs, 1 hit, 0 errors, 2 left on base; Lakeland 4 - St. Petersburg 4 |
| TOP OF THE 8TH |
|
Lakeland Pilots batting - Pitching for St. Petersburg Saints : RHP Kenneth Rogers
|
|
Batting: SHB Raul Gonzalez
|
0-0: Ball 1-0: Ball 2-0: Ball 3-0: Called Strike 3-1: Called Strike 3-2: Strikes out swinging
|
|
Pitching: LHP Gregory Coughlin
|
|
|
Batting: RHB Kevin McGann
|
0-0: Called Strike 0-1: Ball 1-1: Foul Ball, location: 2F 1-2: Foul Ball, location: 2F 1-2: Fly out, F8 (Line Drive, 8LM, EV 92.5 MPH)
|
|
Batting: SHB Alphonso Eiland
|
0-0: Called Strike 0-1: Ball 1-1: SOLO HOME RUN (Flyball, 7D, EV 92.5 MPH), Distance : 362 ft
|
|
Batting: RHB Dennis Delany
|
0-0: Foul Ball, location: 2F 0-1: Ball 1-1: Ball 2-1: Ball 3-1: Base on Balls
|
|
Batting: LHB Chris Stropolo
|
0-0: Ball 1-0: Ball 2-0: Ball 3-0: Called Strike 3-1: Called Strike 3-2: SINGLE (Groundball, 56D, EV 100.6 MPH) Dennis Delany to second Dennis Delany to third
|
|
Batting: RHB Dave C Anderson
|
0-0: Ball 1-0: Called Strike 1-1: Foul Ball, location: 2F 1-2: Foul Ball, location: 2F 1-2: Ball Chris Stropolo steals 2nd base 2-2: Strikes out swinging
|
| Top of the 8th over - 1 run, 2 hits, 0 errors, 2 left on base; Lakeland 5 - St. Petersburg 4 |
| BOTTOM OF THE 8TH |
|
St. Petersburg Saints batting - Pitching for Lakeland Pilots : RHP Rich Buonantony
|
|
Batting: LHB Terry Blocker
|
0-0: Ground out 4-3 (Groundball, 34, EV 96.9 MPH)
|
|
Batting: RHB Rock Coyle
|
0-0: Ball 1-0: Ground out 5-3 (Groundball, 5, EV 90.0 MPH)
|
|
Batting: RHB Ric Despaux
|
0-0: Ball 1-0: Called Strike 1-1: Swinging Strike 1-2: Ball 2-2: Strikes out looking
|
| Bottom of the 8th over - 0 runs, 0 hits, 0 errors, 0 left on base; Lakeland 5 - St. Petersburg 4 |
| TOP OF THE 9TH |
|
Lakeland Pilots batting - Pitching for St. Petersburg Saints : LHP Gregory Coughlin
|
|
Pitching: RHP Edgardo Santana
|
|
|
Batting: SHB Mike D Young
|
0-0: Ball 1-0: Ball 2-0: Called Strike 2-1: Ball 3-1: Foul Ball, location: 2F 3-2: Fly out, F8 (Flyball, 8RM, EV 80.6 MPH)
|
|
Batting: LHB Mike Laga
|
0-0: Ball 1-0: Ball 2-0: Called Strike 2-1: Ball 3-1: Foul Ball, location: 2F 3-2: Ground out 6-3 (Groundball, 6, EV 82.5 MPH)
|
|
Batting: RHB John Guarino
|
0-0: Called Strike 0-1: Foul Ball, location: 2F 0-2: Ball 1-2: Foul Ball, location: 2F 1-2: Strikes out swinging
|
| Top of the 9th over - 0 runs, 0 hits, 0 errors, 0 left on base; Lakeland 5 - St. Petersburg 4 |
| BOTTOM OF THE 9TH |
|
St. Petersburg Saints batting - Pitching for Lakeland Pilots : RHP Rich Buonantony
|
|
Pitching: RHP Joe Boever
|
|
|
Now at 1B: Victor Saenz
|
|
|
Pinch Hitting: LHB Omar de la Torre
|
0-0: Called Strike 0-1: Foul Ball, location: 2F 0-2: Strikes out looking
|
|
Batting: RHB Randy Ingle
|
0-0: Foul Ball, location: 2F 0-1: Ball 1-1: Ball 2-1: Ball 3-1: Foul Ball, location: 2F 3-2: Foul Ball, location: 2F 3-2: Fly out, F8 (Flyball, 8RS, EV 95.0 MPH)
|
|
Batting: RHB Roberto Alvarez
|
0-0: Ball 1-0: Called Strike 1-1: Swinging Strike 1-2: Strikes out looking
|
| Bottom of the 9th over - 0 runs, 0 hits, 0 errors, 0 left on base; Lakeland 5 - St. Petersburg 4 |
|